 Dungeon Crawl Stone Soup version 0.31.0-12-g77e489cdc1 (webtiles) character file.

Game seed: 219634664562083129

4897 monsoonserge the Skirmisher (level 10, -3/68 (74) HPs)
             Began as a Formicid Hexslinger on Feb 16, 2024.
             Was a High Priest of Ignis.
             Slain by a wraith (5 damage)
             ... on level 8 of the Dungeon.
             The game lasted 00:40:27 (9569 turns).

monsoonserge the Skirmisher (Formicid Hexslinger)   Turns: 9569, Time: 00:40:28

HP:   -3/68 (74)    AC: 13    Str: 12    XL:     10   Next: 80%
MP:   13/13         EV: 12    Int: 14    God:    Ignis [*****.]
Gold: 482           SH:  0    Dex: 18    Spells: 4/13 levels left

rFire   + . .        P - -1 hand cannon
rCold   + . .        d - orb {light}
rNeg    + . .        w - +0 leather armour
rPois   .            (helmet unavailable)
rElec   .            k - +2 cloak
rCorr   +            (no gloves)
SInv    +            (no boots)
Will    +....        (no amulet)
Stlth   +            g - ring of ice
HPRegen 0.31/turn    H - ring "Pesow" {Fire rN+ Will+ rCorr}
MPRegen 0.13/turn

%: no passive effects
@: weak-willed, fiery-armoured, glowing, drained
A: permanent stasis, dig shafts and tunnels, antennae 3, four strong arms, cold
resistance 1, dopey 1, MP-powered wands
a: Dig, Shaft Self, Renounce Religion, Fiery Armour, Foxfire Swarm, Rising Flame


You were on level 8 of the Dungeon.
You worshipped Ignis.
Ignis was extremely pleased with you.
You visited 2 branches of the dungeon, and saw 10 of its levels.
You also visited: Sewer.

You collected 583 gold pieces.
You spent 101 gold pieces at shops.

Inventory:

Hand Weapons
 P - a -1 hand cannon (weapon)
 R - a -2 triple crossbow
Missiles
 h - 16 poisoned darts
 x - 3 curare-tipped darts
 F - 5 datura-tipped darts
Armour
 c - a +0 robe
 d - an orb of light (worn)
 k - a +2 cloak (worn)
 q - a +0 scale mail
 t - a +0 ring mail
 w - a +0 leather armour (worn)
Magical Staves
 r - a staff of cold
 B - a staff of air
Jewellery
 g - a ring of ice (left hand)
 H - the ring "Pesow" (right hand) {Fire rN+ Will+ rCorr}
   (You found it on level 4 of the Dungeon)

   [ring of fire]

   Fire:      It enhances your fire magic.
   rF+:       It protects you from fire.
   rC-:       It makes you vulnerable to cold.
   rN+:       It protects you from negative energy.
   Will+:     It increases your willpower.
   rCorr:     It protects you from acid and corrosion.
 N - a ring of positive energy
Wands
 I - a wand of roots (15)
Scrolls
 a - a scroll of fear
 b - 2 scrolls of poison
 e - a scroll of amnesia {unknown}
 i - a scroll of acquirement {unknown}
 m - 2 scrolls of enchant armour {unknown}
 n - a scroll of blinking {unknown}
 s - a scroll of vulnerability {unknown}
 y - a scroll of butterflies {unknown}
 A - a scroll of revelation {unknown}
 C - a scroll of enchant weapon {unknown}
 D - 2 scrolls of immolation {unknown}
 J - 2 scrolls of fog {unknown}
 K - 2 scrolls of brand weapon {unknown}
Potions
 f - a potion of ambrosia {unknown}
 j - a potion of magic {unknown}
 l - 3 potions of mutation
 o - 3 potions of resistance
 p - 3 potions of curing
 u - a potion of invisibility {unknown}
 v - a potion of enlightenment {unknown}
 z - 2 potions of heal wounds {unknown}
 E - 2 potions of brilliance {unknown}
 G - 3 potions of degeneration {unknown}
 L - a potion of cancellation {unknown}
 M - 2 potions of attraction {unknown}
 Q - a potion of berserk rage {unknown}


   Skills:
 + Level 5.5 Fighting
 + Level 11.9 Ranged Weapons
 - Level 4.0 Armour
 + Level 2.6 Dodging
 - Level 3.0 Stealth
 + Level 2.4 Spellcasting
 + Level 6.9 Hexes
 - Level 3.0 Fire Magic


You had 4 spell levels left.
You knew the following spells:

 Your Spells              Type           Power      Damage    Failure   Level
a - Jinxbite              Hex            42%        N/A       2%          2
b - Inner Flame           Hex/Fire       23%        N/A       11%         3
c - Cause Fear            Hex            10%        N/A       16%         4

Your spell library contained the following spells:

 Spells                   Type           Power      Damage    Failure   Level
 Slow                     Hex            84%        N/A       1%          1
 Confusing Touch          Hex            21%        N/A       4%          3
 Sigil of Binding         Hex            21%        N/A       4%          3
 Sting                    Conj/Alch      4%         1d3       28%         1
 Mercury Vapours          Alch/Air       2%         N/A       41%         2
 Dimensional Bullseye     Hex/Tloc       5%         N/A       56%         4
 Vampiric Draining        Necr           1%         2d6       65%         3
 Olgreb's Toxic Radiance  Alch           1%         N/A       96%         4
 Ozocubu's Refrigeration  Ice            1%         4d7       100%        7
 Discord                  Hex            10%        N/A       100%        8


Dungeon Overview and Level Annotations

Branches:
Dungeon (9/15)             Temple (1/1) D:7           Sewer (visited)
   Lair: D:8-11         Orc: D:9-12

Altars:
Ashenzari
Cheibriados
Dithmenos
Elyvilon
Fedhas
Gozag
Hepliaklqana
Kikubaaqudgha
Makhleb
Nemelex Xobeh
Qazlal
Sif Muna
Trog
Uskayaw
Vehumet
Xom
Yredelemnul
The Shining One
Ignis

Shops:
D:2 *   D:6 *

Annotations:
D:2 1 runed translucent door, Crazy Yiuf
D:9 Maurice


Innate Abilities, Weirdness & Mutations

You cannot be hasted, slowed, berserked, paralysed or teleported.
You can dig through walls and to a lower floor.
You have a pair of large antennae on your head. (SInv)
Your four strong arms can wield two-handed weapons with a shield.
Your flesh is cold resistant. (rC+)
You are dopey. (Int -2)
You expend magic power (3 MP) to strengthen your wands.


Message History

The wraith closely misses you. The wight closely misses you.
The wraith hits you but does no damage.
Fire: P) -1 hand cannon
Press: ? - help, Q - select action, (/) - cycle Shift-Dir - straight line, f/p - wraith
Aim: a wraith (moderately damaged, haloed, 83% to hit)
You shoot a bolt. The bolt barely misses the wraith.
The wight misses you. The wraith hits you. The wraith drains your vigour!
Your stasis prevents you from being slowed.
Fire: P) -1 hand cannon
Press: ? - help, Q - select action, (/) - cycle Shift-Dir - straight line, f/p - wraith
Aim: a wraith (moderately damaged, haloed, 83% to hit)
You shoot a bolt. The bolt hits the wraith!
The wraith is severely damaged.
The wight hits you with a +0 dire flail.
* * * LOW HITPOINT WARNING * * *
The wight is burned by your cloak of flames.
The wight is heavily damaged.
The wraith closely misses you.
Fire: P) -1 hand cannon
Press: ? - help, Q - select action, (/) - cycle Shift-Dir - straight line, f/p - wraith
Aim: a wraith (magical condensation, severely damaged, haloed, 83% to hit)
You shoot a bolt.
The bolt hits the wraith but does no damage.
The wraith is severely damaged.
The wight hits you with a +0 dire flail!
* * * LOW HITPOINT WARNING * * *
The wight is burned by your cloak of flames.
The wight is severely damaged.
The wraith hits you!
* * * LOW HITPOINT WARNING * * *
The wraith drains your vigour!
Your stasis prevents you from being slowed.
The wight closely misses you. The wraith barely misses you.
Okay, then.
It was a potion of mutation.
You feel extremely strange.
You feel resistant to cold.
You feel your magical essence link to the dungeon's wands.
You feel stupid. The wight barely misses you. The wraith hits you.
You die...

##############
#.^...........
#.############ ########
#.# #......# ##.###
####### #......###....#
#......
#......##....)####......
#....[)@z........[.[....
#.....W###....####......
#.............# #######
#......)[.....# ####
#......##.....# #...
#......##.....# #...
#......##.....# #...
######........# #...
#.##.##### #...


You could see a wraith and a wight.

Vanquished Creatures
  Jeremiah (D:7)
  2 hornets
  Prince Ribbit (D:5)
  Grinder (D:6)
  Sigmund (D:5)
  A wyvern (D:7)
  A yak (D:8)
  A steam dragon (D:7)
  Menkaure (D:5)
  6 ice beasts
  2 orc warriors (D:8)
  A sky beast (D:7)
  A black bear (D:7)
  A centaur (D:9)
  An ogre (D:4)
  A phantom (D:6)
  5 kobold brigands (Sewer)
  A bullfrog (D:5)
  A scorpion (D:4)
  A bombardier beetle (D:6)
  2 hounds
  2 jellies
  2 gnoll boudas
  11 orc priests
  Terence (D:2)
  4 iguanas
  10 orc wizards
  Ijyb (D:4)
  6 gnolls
  24 adders
  4 shadow imps
  3 white imps
  2 ufetubi (D:5)
  4 dart slugs
  6 ribbon worms
  49 orcs
  4 ball pythons
  4 bats
  12 endoplasms
  6 giant cockroaches
  8 hobgoblins
  6 jackals (D:2)
  7 quokkas
  6 frilled lizards
  16 goblins
  11 kobolds
  17 rats
259 creatures vanquished.

Notes
Turn   | Place    | Note
-------+----------+-------------------------------------------
     0 | D:1      | monsoonserge the Formicid Hexslinger began the quest for
                  | the Orb.
     0 | D:1      | Reached XP level 1. HP: 15/15 MP: 2/2
   150 | D:1      | Reached XP level 2. HP: 18/21 MP: 4/4
   595 | D:1      | Reached XP level 3. HP: 26/26 MP: 5/5
   606 | D:1      | Learned a level 2 spell: Jinxbite
   917 | D:2      | Noticed Terence
   937 | D:2      | Killed Terence
   938 | D:2      | Reached skill level 3 in Ranged Weapons
   938 | D:2      | Reached skill level 1 in Stealth
   938 | D:2      | Reached XP level 4. HP: 22/32 MP: 2/6
  1018 | D:2      | Found a basalt altar of Yredelemnul.
  1069 | D:2      | Found a faded altar of an unknown god.
  1084 | D:2      | Prayed at the altar of an unknown god.
  1084 | D:2      | Became a worshipper of Ignis, the Dying Flame
  1189 | D:2      | Found a runed translucent door.
  1190 | D:2      | Noticed Crazy Yiuf
  1260 | D:2      | Found Imeagg's Assorted Antiques.
  1273 | D:2      | Bought a lumpy pink potion for 24 gold pieces
  1273 | D:2      | Bought an inky potion for 24 gold pieces
  1305 | D:2      | Reached XP level 5. HP: 38/38 MP: 7/7
  1899 | D:2      | Bought an orange potion for 24 gold pieces
  1899 | D:2      | Bought a scroll labelled PEYLUCW BASS for 27 gold pieces
  2092 | D:3      | Reached skill level 4 in Ranged Weapons
  2104 | D:3      | Found a glowing drain.
  2108 | Sewer    | Entered a sewer
  2153 | Sewer    | Reached XP level 6. HP: 44/44 MP: 5/8
  2441 | Sewer    | Reached skill level 5 in Ranged Weapons
  2564 | Sewer    | Reached skill level 1 in Armour
  2581 | Sewer    | Reached XP level 7. HP: 11/49 MP: 10/10
  2884 | Sewer    | Reached skill level 6 in Ranged Weapons
  4537 | D:4      | Reached XP level 8. HP: 52/53 MP: 8/11
  4785 | D:4      | Reached skill level 7 in Ranged Weapons
  5028 | D:4      | Identified the ring "Pesow" {Fire rN+ Will+ rCorr}
  5268 | D:4      | Found a glowing golden altar of the Shining One.
  5388 | D:4      | Noticed Ijyb
  5400 | D:4      | Killed Ijyb
  5690 | D:5      | Entered Level 5 of the Dungeon
  5694 | D:5      | Noticed Menkaure
  5832 | D:5      | Killed Menkaure
  5833 | D:5      | Reached skill level 8 in Ranged Weapons
  5833 | D:5      | Reached skill level 5 in Hexes
  6077 | D:5      | Noticed Prince Ribbit
  6087 | D:5      | Killed Prince Ribbit
  6088 | D:5      | Reached skill level 9 in Ranged Weapons
  6088 | D:5      | Reached XP level 9. HP: 16/63 MP: 10/12
  6589 | D:5      | Noticed Sigmund
  6607 | D:5      | Killed Sigmund
  6616 | D:5      | Learned a level 3 spell: Inner Flame
  6898 | D:5      | Noticed a hornet
  6911 | D:5      | Killed a hornet
  7140 | D:6      | Found Xyuxtuam's Lightly-Used Armoury.
  7161 | D:6      | Noticed Grinder
  7266 | D:6      | Reached skill level 10 in Ranged Weapons
  7281 | D:6      | Bought a -1 hand cannon for 1 gold piece
  7497 | D:6      | Found a burning altar of Makhleb.
  7566 | D:6      | Killed Grinder
  7567 | D:6      | Reached XP level 10. HP: 73/73 MP: 13/13
  7572 | D:6      | Learned a level 4 spell: Cause Fear
  8056 | D:6      | Bought a -2 triple crossbow for 1 gold piece
  8096 | D:7      | Reached skill level 11 in Ranged Weapons
  8098 | D:7      | Found a shadowy altar of Dithmenos.
  8188 | D:7      | Reached skill level 5 in Fighting
  8206 | D:7      | Found a staircase to the Ecumenical Temple.
  8230 | Temple   | Entered the Ecumenical Temple
  8496 | D:7      | Noticed Jeremiah
  8501 | D:7      | Killed Jeremiah
  9506 | D:9      | Noticed Maurice
  9568 | D:8      | HP: 2/68 [wraith (8)]
  9569 | D:8      | Gained mutation: Your flesh is cold resistant. (rC+)
                  | [potion of mutation]
  9569 | D:8      | Gained mutation: You expend magic power (3 MP) to
                  | strengthen your wands. [potion of mutation]
  9569 | D:8      | Gained mutation: You are dopey. (Int -2) [potion of
                  | mutation]
  9569 | D:8      | Slain by a wraith

Illustrated notes

Levels and vault maps discovered:
D:1:      dpeg_arrival_concentric_ovals, layout_loops_corners,
          hangedman_abyss_or_decor_stabs, item_on_display_a
D:2:      minmay_razor_zed, layout_rooms, serial_shops, shop,
          shapermc_ecumenical_altar_mp_ritualfount, basic_altar, st_stairs_11,
          nicolae_figureground_pulse, uniq_crazy_yiuf_cottage, uniq_terence
D:3:      minmay_chambers_of_twos, layout_basic, gup_sewer_entry_spiral
D:4:      minmay_evil_eye, layout_loops_ring, marbit_many_paths,
          serial_bayou_lagoon_a, nicolae_zig_zag_zippers, uniq_ijyb
D:5:      layout_loops_ring, uniq_sigmund, uniq_prince_ribbit1, uniq_menkaure
D:6:      layout_loops_ring, general_overflow_altar, minmay_shop_damaged,
          serial_library_regret_index_small_wings, minivault_4, uniq_grinder
D:7:      layout_rooms, grunt_dithmenos_smoke_and_mirrors,
          minmay_temple_entry_tees, uniq_jeremiah
D:8:      layout_basic
D:9:      layout_irregular_city, jmf_multi_god_temple2, zin_scriptorium,
          uniq_maurice
Temple:   minmay_freezing_vapour_temple

Skill      XL: |  1  2  3  4  5  6  7  8  9 10 |
---------------+-------------------------------+-----
Hexes          | 4 5 6 |  6.9
Ranged Weapons | 3 4 5 6 9 10 11 | 11.9
Stealth        | 1 2 3 |  3.0
Spellcasting   | 2 |  2.4
Armour         | 1 2 4 |  4.0
Dodging        | 2 |  2.6
Fighting       | 2 3 4 5 |  5.5
Fire Magic     | 2 3 |  3.0

Action                     |  1- 3 |  4- 6 |  7- 9 | 10-12 || total
---------------------------+-------+-------+-------+-------++-------
   Fire: Sling             |    68 |   199 |   336 |       ||   603
         Hand cannon       |       |       |    37 |   169 ||   206
   Cast: Jinxbite          |     2 |    20 |    21 |     5 ||    48
 Invoke: Fiery Armour      |       |       |     1 |     1 ||     2
Ability: Dig               |     2 |       |     3 |       ||     5
    Use: Scroll            |       |       |       |     5 ||     5
         Potion            |       |       |       |     1 ||     1
 Armour: Robe              |    16 |    25 |       |       ||    41
         Leather armour    |       |    20 |   100 |    59 ||   179
  Dodge: Dodged            |    20 |    58 |    96 |    55 ||   229
